 Dungeon Crawl Stone Soup version 0.32-a0-643-ga006e7742e (webtiles) character file.

Game seed: 17096595112218799786

458 growler the Ruffian (level 6, -12/47 HPs)
             Began as a Draconian Shapeshifter on Mar 7, 2024.
             Mangled by an ogre
             ... wielding a +0 giant club
              (26 damage)
             ... on level 4 of the Dungeon.
             The game lasted 00:09:57 (3366 turns).

growler the Ruffian (Draconian Shapeshifter)        Turns: 3366, Time: 00:09:58

Health: -12/47     AC:  6    Str: 18    XL:     6   Next: 77%
Magic:  6/6        EV: 12    Int: 10    God:
Gold:   231        SH:  0    Dex: 11    Spells: 5/5 levels left

rFire   . .          .
                       - Unarmed
rCold   . . .        (no shield)
rNeg    . . .        (body armour unavailable)
rPois   .            (helmet currently unavailable)
rElec   .            (cloak currently unavailable)
rCorr   .            (gloves currently unavailable)
SInv    .            (boots currently unavailable)
Will    .....        (no amulet)
Stlth   +            (no ring)
HPRegen 0.27/turn    (no ring)
MPRegen 0.10/turn

%: no passive effects
@: beast-form
A: beast (slay +3), AC +6, unfitting armour, cold-blooded
a: Begin Untransformation


You were on level 4 of the Dungeon.
You were a hulking beast.
You visited 1 branch of the dungeon, and saw 4 of its levels.

You collected 231 gold pieces.

Inventory:

Missiles
 m - 8 poisoned darts (quivered)
Armour
 k - a +0 pair of gloves
Talismans
 b - a beast talisman (active)
 c - a flux talisman
 f - a dragon-blood talisman
 p - a maw talisman
Wands
 g - a wand of roots (10)
 j - a wand of flame (23)
Scrolls
 d - 2 scrolls of revelation
 e - a scroll of teleportation {unknown}
 h - 3 scrolls of identify
 l - a scroll of blinking
 n - a scroll of immolation
Potions
 a - 2 potions of lignification
 i - a potion of curing
 o - a potion of degeneration {unknown}


   Skills:
 - Level 1.1 Fighting
 - Level 1.7 Dodging
 + Level 5.8 Unarmed Combat
 + Level 5.4 Shapeshifting


You had 5 spell levels left.
You didn't know any spells.
Your spell library contained the following spells:

 Spells                   Type           Power      Damage    Failure   Level
 Static Discharge         Conj/Air       0%         3-3/arc   50%         2
 Airstrike                Air            0%         2d(0-16)  98%         4
 Summon Lightning Spire   Summ/Air       0%         N/A       98%         4


Dungeon Overview and Level Annotations

Branches:
Dungeon (4/15)
 Temple: D:4-7

Altars:

Annotations:
D:3 1 runed translucent door, Dittersdorf's ghost, amateur GrFi


Innate Abilities, Weirdness & Mutations

You are a hulking beast.
Your limbs bulge with bestial killing power. (Slay +3)
Your plain brown scales are hard. (AC +6)
You cannot fit into any form of body armour.
You are cold-blooded and may be slowed by cold attacks.


Message History

No target in view!
A hobgoblin comes into view.
The hobgoblin shouts!
The hobgoblin hits you.
You punch the hobgoblin!
You kill the hobgoblin!
No target in view!
You now have 231 gold pieces (gained 12).
Found a stone staircase leading up.
A quokka comes into view.
The helpless quokka fails to defend itself.
You punch the quokka!
You kill the quokka!
No target in view!
You see here a quokka corpse.
An ogre comes into view. It is wielding a +0 giant club.
The ogre closely misses you.
You hit the ogre but do no damage. The ogre hits you with a +0 giant club!
You punch the ogre!
The ogre is moderately wounded.
You completely miss the ogre.
The ogre is moderately wounded.
The ogre barely misses you.
You completely miss the ogre.
The ogre is moderately wounded.
You punch the ogre!
The ogre is severely wounded.
The ogre closely misses you.
You hit the ogre but do no damage.
The ogre is severely wounded.
The ogre hits you with a +0 giant club!!
* * * LOW HITPOINT WARNING * * *
Unknown command.
You punch the ogre!
The ogre is almost dead.
You hit the ogre.
The ogre is almost dead.
The ogre hits you with a +0 giant club!!
Ouch! That really hurt!
You die...

######...#*,*
#**####........#*,**
..##<...####...#*,,*
........## #...#**,**
.........# #...# *,,*
.........# #...# **,**
.........####### *,,**
........†...########..##
..##...####.....hO.....#
##*####* #####.########
###


You could see an ogre.

Vanquished Creatures
  A black bear (D:2)
  An ogre (D:4)
  3 hounds (D:4)
  An orc priest (D:2)
  Terence (D:2)
  3 gnolls
  4 adders
  A dart slug (D:3)
  3 orcs
  6 ball pythons
  6 endoplasms
  4 giant cockroaches
  3 hobgoblins
  4 jackals (D:1)
  6 quokkas
  7 bats
  5 frilled lizards
  8 goblins
  10 kobolds
  3 rats
80 creatures vanquished.

Notes
Turn   | Place    | Note
-------+----------+-------------------------------------------
     0 | D:1      | growler the Draconian Shapeshifter began the quest for the
                  | Orb.
     0 | D:1      | Reached XP level 1. HP: 16/16 MP: 1/1
   164 | D:1      | Reached XP level 2. HP: 18/23 MP: 2/2
   748 | D:1      | Reached XP level 3. HP: 28/28 MP: 3/3
   936 | D:1      | Found a faded altar of an unknown god.
   997 | D:2      | Noticed Terence
  1009 | D:2      | Killed Terence
  1094 | D:1      | Reached XP level 4. HP: 26/35 MP: 4/4
  1232 | D:2      | Noticed a black bear
  1252 | D:2      | Killed a black bear
  1253 | D:2      | Reached XP level 5. HP: 12/40 MP: 5/5
  1755 | D:2      | Reached skill level 5 in Unarmed Combat
  2034 | D:2      | You fall into a shaft and drop 1 floor!
  2600 | D:3      | Found a runed translucent door.
  2613 | D:3      | Noticed an ice beast
  2613 | D:3      | Noticed Dittersdorf's ghost (amateur GrFi)
  2674 | D:3      | Reached XP level 6. HP: 43/47 MP: 6/6
  2830 | D:4      | Reached skill level 5 in Shapeshifting
  3257 | D:4      | Identified the +1 leather armour "Kauvira" {Str+4}
  3366 | D:4      | Mangled by an ogre

Illustrated notes

Levels and vault maps discovered:
D:1:      ncdulo_lavacross, layout_loops_corners,
          shapermc_ecumenical_altar_hornbeckon
D:2:      cheibrodos_pilgrimage, layout_loops_ring, uniq_terence
D:3:      layout_basic, ebering_ghost_inner_flame
D:4:      layout_rooms

Skill      XL: |  1  2  3  4  5  6 |
---------------+-------------------+-----
Unarmed Combat | 4 5 |  5.8
Shapeshifting  | 4 5 |  5.4
Fighting       | |  1.1
Dodging        | |  1.7

Action                     |  1- 3 |  4- 6 || total
---------------------------+-------+-------++-------
  Melee: Unarmed           |    79 |   136 ||   215
         Tailslap          |     8 |    13 ||    21
         Punch             |     2 |     2 ||     4
  Throw: Dart              |       |     3 ||     3
    Use: Scroll            |       |     3 ||     3
   Stab: Sleeping          |     1 |     1 ||     2
 Armour: Skin              |    33 |    70 ||   103
  Dodge: Dodged            |    46 |    68 ||   114

Table legend: (Time is in decaauts)
 A = Elapsed time spent in this place.
 B = Non-inter-level travel time spent in this place.
 C = Inter-level travel time spent in this place.
 D = Time resting spent in this place.
 E = Time spent auto-exploring this place.
 F = Levels seen in this place.
 G = Mean time per level.
                   A        B        C        D        E       F      G
               +--------+--------+--------+--------+--------+-----+--------+
         Total |   3359 |   3270 |     89 |    353 |   2260 |   4 |  839.8 |
       Dungeon |   3359 |   3270 |     89 |    353 |   2260 |   4 |  839.8 |
               +--------+--------+--------+--------+--------+-----+--------+

Top non-repeatable levels by time:
     D:2: 1081 daAuts
     D:1: 1078 daAuts
     D:3: 756 daAuts
     D:4: 443 daAuts
